 Dungeon Crawl Stone Soup version 0.24.1-14-gf8d2b509d9 (webtiles) character file.

Game seed: 13251601487710373450, levelgen mode: deterministic

215 Gruesph the Cudgeler (level 5, -3/41 HPs)
             Began as a Demonspawn Abyssal Knight on May 20, 2020.
             Was a Believer of Lugonu.
             Slain by a goblin
             ... wielding a +0 antimagic dagger
             ... led by Robin
              (4 damage)
             ... on level 3 of the Dungeon.
             The game lasted 00:09:20 (2256 turns).

Gruesph the Cudgeler (Demonspawn Abyssal Knight)    Turns: 2256, Time: 00:09:21

Health: -3/41      AC:  4    Str: 13    XL:     5   Next: 60%
Magic:  2/6        EV: 11    Int: 13    God:    Lugonu [**....]
Gold:   85         SH:  0    Dex: 15    Spells: 4/4 levels left

rFire    . . .     SeeInvis .   a - +1 mace
rCold    . . .     Gourm    .   (no shield)
rNeg     . . .     Faith    .   b - +0 leather armour
rPois    .         Spirit   .   (no helmet)
rElec    .         Reflect  .   (no cloak)
rCorr    .         Harm     .   (no gloves)
MR       .....                  i - +0 pair of boots
Stlth    ++........             (no amulet)
HPRegen  0.13/turn              (no ring)
MPRegen  0.10/turn              (no ring)

@: no status effects
A: hooves 1, thin skeletal structure 1, powered by pain 1
a: Depart the Abyss, Bend Space, Renounce Religion


You were on level 3 of the Dungeon.
You worshipped Lugonu.
Lugonu was pleased with you.
You were not hungry.

You visited 1 branch of the dungeon, and saw 3 of its levels.
You visited the Abyss 1 time.

You collected 85 gold pieces.

Inventory:

Hand Weapons
 a - a +1 mace (weapon)
Missiles
 g - 68 stones (quivered)
 j - 20 arrows
 l - 18 poisoned darts
Armour
 b - a +0 leather armour (worn)
 i - a +0 pair of boots (worn)
Jewellery
 m - a +3 ring of intelligence {unknown}
Scrolls
 c - 2 scrolls of teleportation {unknown}
 d - 2 scrolls of identify {unknown}
 k - 2 scrolls of blinking {unknown}
 n - a scroll of immolation {unknown}
 p - a scroll of remove curse {unknown}
 r - a scroll of fog {unknown}
Potions
 e - a potion of mutation {unknown}
 h - a potion of flight {unknown}
 o - a potion of heal wounds {unknown}
 q - 2 potions of cancellation {unknown}
 s - 2 potions of lignification {unknown}
Comestibles
 f - 4 rations


   Skills:
 - Level 3.0 Fighting
 + Level 5.4 Maces & Flails
 - Level 1.7 Armour
 - Level 0.8 Dodging
 - Level 2.4 Invocations


You had 4 spell levels left.
You didn't know any spells.
Your spell library was empty.

Dungeon Overview and Level Annotations

Branches:
Dungeon (3/15)

Altars:

Annotations:
D:2 1 runed translucent door, exclusion: door, Crazy Yiuf
D:3 Robin


Innate Abilities, Weirdness & Mutations

You have large cloven feet.
You have a somewhat thin skeletal structure. (Dex +2, Stealth)
You sometimes gain a little power by taking damage.


Message History

You hit the hobgoblin.
The hobgoblin is moderately wounded.
Robin barely misses you.
The goblin hits you with a +0 antimagic dagger.
The hobgoblin completely misses you.
You closely miss the hobgoblin.
The hobgoblin is lightly wounded.
Robin hits you but does no damage. The goblin barely misses you.
The hobgoblin hits you.
* * * LOW HITPOINT WARNING * * *
Robin barely misses you.
The goblin hits you with a +0 antimagic dagger.
* * * LOW HITPOINT WARNING * * *
You feel your power leaking away.
You barely miss the hobgoblin.
The hobgoblin is lightly wounded.
The hobgoblin hits you.
* * * LOW HITPOINT WARNING * * *
The goblin hits you with a +0 antimagic dagger.
You die...

##################
#......)..........
#.################
#.# #g# #@# #g#


gg. ..... ....... ......... .########## #. You could see Robin, a hobgoblin and
2 goblins.

Vanquished Creatures
  Sigmund (D:1)
  An adder (D:3)
  A worm (D:2)
  A dart slug (D:2)
  2 leopard geckos (D:1)
  2 giant cockroaches (D:1)
  10 goblins
  9 hobgoblins
  4 jackals (D:1)
  2 quokkas
  A ball python (D:1)
  2 bats (D:1)
  2 frilled lizards
  5 kobolds
  A leopard gecko zombie (D:3)
  4 rats
48 creatures vanquished.

Notes
Turn   | Place    | Note
-------+----------+-------------------------------------------
     0 | Abyss:1  | Gruesph the Demonspawn Abyssal Knight began the quest for
                  | the Orb.
     0 | Abyss:1  | Reached XP level 1. HP: 18/18 MP: 2/2
     0 | D:1      | Escaped the Abyss
   133 | D:1      | Reached skill level 2 in Maces & Flails
   549 | D:1      | Gained mutation: You have large cloven feet. [demonic
                  | ancestry]
   549 | D:1      | Reached XP level 2. HP: 17/24 MP: 3/3
   797 | D:1      | Reached * piety under Lugonu
   805 | D:1      | Reached skill level 3 in Maces & Flails
  1250 | D:2      | Noticed Sigmund
  1265 | D:1      | Killed Sigmund
  1265 | D:1      | Reached skill level 5 in Maces & Flails
  1265 | D:1      | Gained mutation: You have a somewhat thin skeletal
                  | structure. (Dex +2, Stealth) [demonic ancestry]
  1265 | D:1      | Reached XP level 3. HP: 10/29 MP: 4/4
  1265 | D:1      | Reached XP level 4. HP: 12/35 MP: 5/5
  1265 | D:1      | Gained mutation: You sometimes gain a little power by
                  | taking damage. [demonic ancestry]
  1265 | D:1      | Reached XP level 5. HP: 14/41 MP: 6/6
  1926 | D:2      | Found a faded altar of an unknown god.
  2023 | D:2      | Found a runed translucent door.
  2024 | D:2      | Noticed Crazy Yiuf
  2236 | D:3      | Reached ** piety under Lugonu
  2250 | D:3      | Noticed Robin
  2256 | D:3      | HP: 1/41 [hobgoblin[Robin] (3)]
  2256 | D:3      | Slain by a goblin

Levels and vault maps discovered:
D:1:      lemuel_arrival_funnel, layout_basic
D:2:      layout_rooms, chequers_ecumenical_altar_lobes, minmay_tetromino_l2,
          uniq_sigmund, uniq_crazy_yiuf_cottage
D:3:      layout_basic, uniq_robin, uniq_ijyb

Skill      XL: |  1  2 |
---------------+-------+-----
Maces & Flails | 2 5 |  5.4
Fighting       | |  3.0
Armour         | |  1.7
Dodging        | |  0.8
Invocations    | |  2.4

Action                   |  1- 3 |  4- 6 || total
-------------------------+-------+-------++-------
Melee: Mace              |    97 |    69 ||   166
       Kick              |     8 |       ||     8
Invok: Depart the Abyss  |     1 |       ||     1
  Eat: Chunk             |     1 |     3 ||     4
Armor: Leather armour    |    32 |    11 ||    43
Dodge: Dodged            |    61 |    32 ||    93
